 Seeded DCSS version 0.29.1-15-g9cfb28693d (webtiles) character file.

Game seed: 1 (custom seed)

426390 Kazon the Fencer (level 22, -5/204 HPs)
             Began as a Minotaur Fighter on Feb 22, 2023.
             Was the Champion of Okawaru.
             Slain by an Ice Fiend (14 damage)
             ... summoned by a dread lich
             ... on level 5 of the Vaults on Feb 24, 2023.
             The game lasted 06:22:50 (41562 turns).

Kazon the Fencer (Minotaur Fighter)                Turns: 41562, Time: 06:22:50

Health: -5/204     AC: 38    Str: 21    XL:     22   Next: 75%
Magic:  29/32      EV: 21    Int: 10    God:    Okawaru [******]
Gold:   4762       SH:  0    Dex: 23    Spells: 21/21 levels left

rFire   + + +      SeeInvis +   a - +11 demon blade "Wonyzxuf" {freeze, Fly Stlth+}
rCold   + + .      Faith    .   c - +0 kite shield {reflect}
rNeg    . . .      Spirit   .   x - +8 shadow dragon scales of the Dungeon {Harm +Inv rElec Will- Stlth++++}
rPois   +          Reflect  +   i - +1 hat of Untruth {rC++ rCorr Str-2 Stlth+}
rElec   +          Harm     +   s - +2 cloak {Stlth+}
rCorr   +          Rampage  .   o - +2 pair of gloves {hurl}
Will    +....                   X - +0 pair of boots of Vitoly {rElec rCorr Int+3 Stlth-}
Stlth   ++++++....              U - amulet "Odemouw" {Contam rPois rF+++ Regen+ Stlth+}
HPRegen 1.24/turn               k - ring of see invisible
MPRegen 0.23/turn               D - +6 ring of dexterity

@: confused, about to teleport, heroic, ambrosia-drunk, flying, studying Dodging
A: horns 2, retaliatory headbutt, hooves 1, strong-willed 1, wild magic 1, noise
suppression
}: 2/15 runes: barnacled, gossamer
a: Renounce Religion, Evoke Invisibility, Heroism, Finesse, Duel


You were on level 5 of the Vaults.
You worshipped Okawaru.
Okawaru was exalted by your worship.
You visited 9 branches of the dungeon, and saw 41 of its levels.
You visited 1 bazaar.
You also visited: Gauntlet and Desolation.

You collected 7508 gold pieces.
You spent 2746 gold pieces at shops.

Inventory:

Hand Weapons
 a - the +11 demon blade "Wonyzxuf" (weapon) {freeze, Fly Stlth+}
   (Okawaru gifted it to you on level 2 of the Lair of Beasts)

   It freezes those it strikes, dealing additional cold damage.
   It can also slow down cold-blooded creatures.
   Fly:       It grants you flight.
   Stlth:     It makes you more stealthy.
 e - the +7 captain's cutlass {speed, disarm}
   (You found it in the Desolation of Salt)

   Attacks with this weapon are significantly faster.
   It may disarm weapon-wielding foes when striking them, dealing extra damage
   in the process.
 f - the +2 Maxwell's thermic engine {flame, freeze}
   (You found it on level 1 of the Lair of Beasts)

   It burns those it strikes, dealing additional fire damage.
   Big, fiery blades are also staple armaments of hydra-hunters.
   It freezes those it strikes, dealing additional cold damage.
   It can also slow down cold-blooded creatures.
   It becomes more effective when it hits something.
   This effect fades over time.
Missiles
 r - 39 boomerangs (quivered)
 t - 7 atropa-tipped darts
 y - 10 curare-tipped darts
 B - 2 throwing nets
 L - 7 datura-tipped darts
 W - 18 javelins
Armour
 b - the +0 mask of the Dragon {Will+ Slay+3 SInv}
   (You bought it in a shop on level 3 of the Elven Halls)

   Slay:      It affects your accuracy & damage with ranged weapons and melee
   (+3).
   SInv:      It lets you see invisible.
   Will:      It increases your willpower.
 c - a +0 kite shield of reflection (worn)
 i - the +1 hat of Untruth (worn) {rC++ rCorr Str-2 Stlth+}
   (You found it on level 14 of the Dungeon)

   Str:       It affects your strength (-2).
   rC:        It greatly protects you from cold.
   rCorr:     It protects you from acid and corrosion.
   Stlth:     It makes you more stealthy.
 o - a +2 pair of gloves of hurling (worn)
 s - a +2 cloak of stealth (worn)
 x - the +8 shadow dragon scales of the Dungeon (worn) {Harm +Inv rElec Will- Stlth++++}
   (You found it in the Desolation of Salt)

   rElec:     It insulates you from electricity.
   +Inv:      It lets you turn invisible.
   Harm:      It increases damage dealt and taken.
   Will:      It decreases your willpower.
   Stlth:     It makes you much more stealthy.
 X - the +0 pair of boots of Vitoly (worn) {rElec rCorr Int+3 Stlth-}
   (Okawaru gifted it to you on level 3 of the Lair of Beasts)

   Int:       It affects your intelligence (+3).
   rElec:     It insulates you from electricity.
   rCorr:     It protects you from acid and corrosion.
   Stlth:     It makes you less stealthy.
Jewellery
 k - a ring of see invisible (left hand)
 D - a +6 ring of dexterity (right hand)
 N - a +6 ring of strength
 R - the ring "Xacius" {rPois rC+ Will+ Stlth-}
   (You found it in the Desolation of Salt)

   [ring of protection from cold]

   rC:        It protects you from cold.
   rPois:     It protects you from poison.
   Will:      It increases your willpower.
   Stlth:     It makes you less stealthy.
 U - the amulet "Odemouw" (around neck) {Contam rPois rF+++ Regen+ Stlth+}
   (You bought it in a shop on level 8 of the Dungeon)

   [amulet of regeneration]

   rF:        It renders you almost immune to fire.
   rPois:     It protects you from poison.
   Contam:    It causes magical contamination when unequipped.
   Regen:     It increases your rate of health regeneration.
   Stlth:     It makes you more stealthy.
Wands
 j - a wand of flame (7)
 l - a wand of mindburst (45)
 m - a wand of digging (4)
 G - a wand of paralysis (22)
 I - a wand of roots (30)
 O - a wand of polymorph (18)
 P - a wand of acid (10)
Scrolls
 h - 2 scrolls of enchant armour
 n - 4 scrolls of immolation
 p - 2 scrolls of magic mapping
 q - 9 scrolls of fog
 v - 11 scrolls of teleportation
 z - 4 scrolls of poison
 H - 5 scrolls of fear
 J - 3 scrolls of blinking
 Y - 2 scrolls of silence
Potions
 d - 7 potions of might
 g - 11 potions of haste
 u - 3 potions of resistance
 w - 12 potions of lignification
 A - 5 potions of cancellation
 C - 3 potions of berserk rage
 E - 8 potions of heal wounds
 F - 24 potions of curing
 Q - 2 potions of invisibility
 V - 7 potions of ambrosia
Miscellaneous
 K - a condenser vane
 M - a tin of tremorstones (2/2)
 S - a lightning rod (4/4)
 T - a phial of floods


   Skills:
 + Level 18.7(23.7) Fighting
 + Level 8.7(19.1) Short Blades
 + Level 18.9(24.7) Long Blades
 + Level 16.9(21.9) Throwing
 + Level 13.7(18.7) Armour
 * Level 14.0(19.0) Dodging
 + Level 10.5(15.5) Stealth
 + Level 16.3(21.3) Shields
 + Level 15.8 Invocations
 + Level 16.8 Evocations


You had 21 spell levels left.
You didn't know any spells.
Your spell library contained the following spells:

 Spells                   Type           Power      Damage    Failure   Level
 Apportation              Tloc           0%         N/A       94%         1
 Beastly Appendage        Tmut           0%         N/A       94%         1
 Magic Dart               Conj           0%         1d3       94%         1
 Necrotise                Necr           0%         1d4       94%         1
 Sandblast                Erth           0%         2d4       94%         1
 Shock                    Conj/Air       0%         1d3       94%         1
 Slow                     Hex            0%         N/A       94%         1
 Sting                    Tmut/Pois      0%         1d3       94%         1
 Ensorcelled Hibernation  Hex/Ice        0%         N/A       98%         2
 Passwall                 Tmut/Erth      0%         N/A       98%         2
 Poisonous Vapours        Pois/Air       0%         N/A       98%         2
 Scorch                   Fire           0%         2d5       98%         2
 Searing Ray              Conj           0%         2d4       98%         2
 Static Discharge         Conj/Air       0%         3-3/arc   98%         2
 Confusing Touch          Hex            0%         N/A       100%        3
 Dazzling Flash           Conj/Hex       0%         N/A       100%        3
 Gell's Gravitas          Tloc           0%         N/A       100%        3
 Mephitic Cloud           Conj/Pois/Air  0%         N/A       100%        3
 Ozocubu's Armour         Ice            0%         N/A       100%        3
 Swiftness                Air            0%         N/A       100%        3
 Teleport Other           Tloc           0%         N/A       100%        3
 Vampiric Draining        Necr           0%         2d6       100%        3
 Airstrike                Air            0%         2d(0-16)  100%        4
 Cause Fear               Hex            0%         N/A       100%        4
 Corpse Rot               Necr/Pois/Air  0%         N/A       100%        4
 Dispel Undead            Necr           0%         3d6       100%        4
 Flame Wave               Conj/Fire      0%         2d4       100%        4
 Ice Form                 Ice/Tmut       0%         N/A       100%        4
 Iskenderun's Mystic Bla  Conj/Tloc      0%         2d3       100%        4
 Leda's Liquefaction      Hex/Erth       0%         N/A       100%        4
 Olgreb's Toxic Radiance  Pois           0%         N/A       100%        4
 Passage of Golubria      Tloc           0%         N/A       100%        4
 Sticky Flame             Conj/Fire      0%         2d3       100%        4
 Agony                    Necr           0%         N/A       100%        5
 Alistair's Intoxication  Tmut/Pois      0%         N/A       100%        5
 Blade Hands              Tmut           0%         N/A       100%        5
 Borgnjor's Vile Clutch   Necr/Erth      0%         N/A       100%        5
 Fireball                 Conj/Fire      0%         3d3       100%        5
 Irradiate                Conj/Tmut      0%         3d11      100%        5
 Iskenderun's Battlesphe  Conj           0%         2d6       100%        5
 Lightning Bolt           Conj/Air       0%         1d11      100%        5
 Metabolic Englaciation   Hex/Ice        0%         N/A       100%        5
 Silence                  Hex/Air        0%         N/A       100%        5
 Yara's Violent Unravell  Hex/Tmut       0%         3d3       100%        5
 Conjure Ball Lightning   Conj/Air       0%         3x3d6     100%        6
 Dispersal                Tloc           0%         N/A       100%        6
 Eringya's Noxious Bog    Tmut/Pois      0%         N/A       100%        6
 Iron Shot                Conj/Erth      0%         9d1       100%        6
 Starburst                Conj/Fire      0%         6d3       100%        6
 Statue Form              Tmut/Erth      0%         N/A       100%        6
 Dragon Form              Tmut           0%         N/A       100%        7
 Enfeeble                 Hex            0%         N/A       100%        7
 Orb of Destruction       Conj           0%         9d5       100%        7
 Ozocubu's Refrigeration  Ice            0%         4d7       100%        7
 Discord                  Hex            0%         N/A       100%        8
 Disjunction              Tloc           0%         N/A       100%        8
 Ignition                 Fire           0%         3d3       100%        8
 Lehudib's Crystal Spear  Conj/Erth      0%         10d2      100%        8
 Summon Small Mammal      Summ           Unusable   N/A       N/A         1
 Call Imp                 Summ           Unusable   N/A       N/A         2
 Animate Armour           Summ/Erth      Unusable   N/A       N/A         4
 Animate Dead             Necr           Unusable   N/A       N/A         4
 Summon Lightning Spire   Summ/Air       Unusable   N/A       N/A         4
 Summon Forest            Summ/Tloc      Unusable   N/A       N/A         5
 Death Channel            Necr           Unusable   N/A       N/A         6
 Simulacrum               Ice/Necr       Unusable   N/A       N/A         6
 Summon Cactus Giant      Summ           Unusable   N/A       N/A         6
 Summon Hydra             Summ           Unusable   N/A       N/A         7
 Dragon's Call            Summ           Unusable   N/A       N/A         9

Dungeon Overview and Level Annotations

Branches:
Dungeon (15/15)            Temple (1/1) D:7            Lair (5/5) D:10
 Shoals (4/4) Lair:3       Spider (4/4) Lair:3        Slime (0/5) Lair:4
    Orc (2/2) D:12            Elf (3/3) Orc:2        Vaults (5/5) D:13
  Crypt (0/3) Vaults:3     Depths (2/4) D:15        Desolation (visited)
Gauntlet (visited)

Altars:
Ashenzari
Dithmenos
Elyvilon
Gozag
Hepliaklqana
Kikubaaqudgha
Makhleb
Nemelex Xobeh
Okawaru
Qazlal
Uskayaw
Xom
Zin
The Shining One
Jiyva

Shops:
D:3 (   D:8 ?(==   D:10 :   D:13 !   Orc:2 ([*=   Elf:2 [?!?   Elf:3 [(
Vaults:1 !   Vaults:2 [   Vaults:3 (((   Vaults:4 *   Depths:2 (

Portals:
Hell: Depths:1
Ziggurat: Depths:1

Annotations:
Shoals:4 1 runed translucent door, Jingleheimer's ghost, adept KoFi
Vaults:2 2 runed translucent doors, 2 transporters, exclusion: obsidian statue, Forgeling's ghost, adept FeEn


Innate Abilities, Weirdness & Mutations

You have a pair of horns on your head.
You reflexively headbutt those who attack you in melee.
You have large cloven feet.
You are strong-willed. (Will+)
Your spells are a little harder to cast, but a little more powerful.
You passively dampen the noise of your surroundings.


Message History

Aim: a dread lich (spells empowered, slightly transparent, 79% to hit)
You throw a boomerang.
The boomerang completely misses the dread lich.
The dread lich casts a spell.
The tormentor calls on the powers of darkness!
Your body is wracked with pain!
Ouch! That really hurt!
The Ice Fiend barely misses you. The Ice Fiend claws you.
The Ice Fiend freezes you! You resist.
Items here: ) [ ††.
As you read the scroll of teleportation, it crumbles to dust.
You feel strangely unstable. The dread lich casts a spell at you.
You barely resist. The reaper hits you but does no damage.
The Ice Fiend misses you. You furiously retaliate!
You headbutt the Ice Fiend. The Ice Fiend claws you!
* * * LOW HITPOINT WARNING * * *
The Ice Fiend freezes you! You resist.
* * * LOW HITPOINT WARNING * * *
You are confused.
You feel invigorated.
The reaper hits you from afar with a +2 antimagic scythe!
* * * LOW HITPOINT WARNING * * *
You feel your power leaking away. The Ice Fiend barely misses you.
The Ice Fiend misses you.
The dread lich shouts!
You slash the dread lich! Your headbutt misses the dread lich.
The dread lich is lightly damaged.
The dread lich touches you but does no damage.
The reaper smiles without lips.
The reaper hits you but does no damage.
You slash the dread lich!
The dread lich is moderately damaged.
The tormentor calls on the powers of darkness!
Your body is wracked with pain!
* * * LOW HITPOINT WARNING * * *
The Ice Fiend barely misses you. The Ice Fiend claws you!
* * * LOW HITPOINT WARNING * * *
The Ice Fiend freezes you! You resist.
You die...

.... ...###
#### .....
.... #...
..... #.L#
##.....
#..###.......
#..##[.......
#..#[........
#1@#...φ)/...
#..L2..!##D..
#...2..)#
#..#...).#
#..#....(.#
#..#.......e
#..##.(......
#..##........
#..# #......


You could see 2 dread liches, an Ice Fiend (summoned), a reaper (summoned) and a
tormentor (summoned).

Vanquished Creatures
  Mara (Spider:3)
  Frederick (Vaults:4)
  Saint Roka (Vaults:4)
  Xtahua (Vaults:4)
  Nikola (Elf:2)
  2 tentacled monstrosities (Vaults:5)
  2 deep elf blademasters (Elf:3)
  Asterion (Elf:3)
  2 titans (Vaults:5)
  Rupert (D:12)
  2 deep elf master archers (Elf:3)
  7 sphinxes
  The ghost of 0gre the Luminary of Lethal Lore, an adept GnIE of Vehumet (Elf:2)
  2 storm dragons (Vaults:5)
  An ancient champion (Vaults:3)
  Donald (Orc:2)
  A tengu reaver (Vaults:5)
  Roxanne (D:15)
  Agnes (Elf:1)
  2 fire giants
  A frost giant (Vaults:5)
  6 emperor scorpions
  12 vault wardens
  4 ghost moths
  4 deep elf sorcerers
  2 imperial myrmidons (Desolation)
  Louise (Elf:3)
  4 orc warlords
  A curse skull (Vaults:3)
  A deep elf elementalist (Elf:3)
  3 spriggan defenders (Depths:1)
  14 ironbound preservers
  2 angels (Vaults:3)
  3 broodmothers
  5 deep elf demonologists
  14 very ugly things
  3 stone giants
  4 ironbound thunderhulks
  Nessos (D:12)
  A war gargoyle (Vaults:2)
  A vampire knight (Vaults:3)
  The ghost of alhimik the Geomancer, a journeyman DECj of Vehumet (Orc:2)
  4 spark wasps
  Snorg (D:14)
  A minotaur (Gauntlet)
  2 halazid warlocks (Desolation)
  16 dire elephants
  Azrael (D:13)
  4 deep elf annihilators (Elf:3)
  4 entropy weavers
  2 deep elf death magi (Elf:3)
  5 merfolk impalers
  2 crystal guardians (Desolation)
  4 ettins
  6 ragged hierophants (Desolation)
  4 deep elf high priests
  7 merfolk javelineers (Shoals:4)
  A fire dragon (D:13)
  4 ice dragons (Depths:1)
  7 great orbs of eyes
  11 yaktaur captains
  5 boulder beetles
  A jiangshi (Vaults:3)
  Fannar (Lair:2)
  5 hydras
  7 servants of whispers (Desolation)
  5 peacekeepers (Desolation)
  Erolcha (D:10)
  4 catoblepae
  An ogre mage (Vaults:5)
  32 vault guards
  A ghost crab (Gauntlet)
  The ghost of Baec Wov the Slicer, a journeyman VSFi of Makhleb (D:14)
  3 merfolk avatars
  An alligator snapping turtle (Shoals:4)
  10 centaur warriors
  7 ironbound frosthearts
  A jorogumo (Spider:4)
  A death knight (D:14)
  3 two-headed ogres
  32 dancing weapons
  An anaconda (Shoals:4)
  3 merfolk aquamancers (Shoals:4)
  3 satyrs
  10 death yaks
  4 deep troll shamans (Depths:1)
  8 death scarabs (Spider:4)
  3 deep troll earth magi (Depths:1)
  6 tengu warriors
  3 orc high priests (Orc:2)
  2 spectral emperor scorpions (Spider:4)
  Urug (Orc:1)
  19 deep elf knights
  13 pharaoh ants
  5 skeletal warriors
  A fire crab (D:13)
  3 sixfirhies (Gauntlet)
  A sun moth (Spider:1)
  Lodul (D:12)
  3 iron trolls (Depths:1)
  A glowing orange brain (Vaults:4)
  7 steelbarb worms
  12 sea snakes
  3 spriggan simulacra (D:14)
  7 orb spiders
  4 phantasmal warriors
  A death drake (Vaults:3)
  38 deep trolls
  5 wizards
  30 harpies
  3 lindwurms
  7 spectral wolf spiders
  17 ironbound convokers
  28 deep elf zephyrmancers
  11 deep elf archers
  4 orc knights
  8 wolf spider zombies
  6 orc sorcerers
  A broodmother zombie (Spider:4)
  22 wolf spiders
  7 cyclopes
  12 fauns
  31 deep elf pyromancers
  41 ugly things
  20 manticores
  5 elephants (Lair:4)
  10 merfolk sirens
  3 moths of wrath
  5 black mambas
  18 vault sentinels
  4 guardian serpents
  11 cane toads
  7 torpor snails
  Maggie (D:6)
  4 rime drakes
  2 unseen horrors
  6 water nymphs
  A rime drake (shapeshifter) (D:15)
  An unseen horror (shapeshifter) (Vaults:5)
  29 yaktaurs
  3 freezing wraiths
  4 kobold demonologists (D:11)
  15 komodo dragons
  3 spectral redbacks (Spider:4)
  14 demonic crawlers
  2 tengu conjurers
  3 efreet
  3 redback zombies (Spider:4)
  9 meliai (Spider:4)
  2 queen bees (shapeshifter) (Elf:1)
  5 trolls
  25 merfolk
  Prince Ribbit (D:9)
  A meliai (shapeshifter) (D:13)
  A queen bee (Spider:4)
  25 tarantellas
  A spectral culicivora (Spider:4)
  2 spectral jumping spiders (Spider:4)
  9 wind drakes
  A polar bear (Lair:4)
  2 jumping spider zombies (Spider:4)
  17 blink frogs
  2 tarantella zombies (Spider:4)
  2 wolf spider simulacra (Spider:1)
  A hornet (Vaults:1)
  11 dream sheep
  53 saltlings (Desolation)
  41 slime creatures
  A culicivora zombie (Spider:4)
  33 jumping spiders
  11 snapping turtles
  2 shadows
  2 air elementals (Elf:3)
  A jumping spider (shapeshifter) (Vaults:2)
  2 vampires
  16 water elementals
  2 wraiths (D:12)
  63 yaks
  32 culicivoras
  A hog (Orc:2)
  4 fire elementals
  5 wyverns
  6 basilisks
  Eustachio (D:5)
  51 redbacks
  6 vampire mosquitoes
  2 steam dragons
  3 minotaur simulacra (D:14)
  Menkaure (D:5)
  Edmund (D:6)
  2 wargs (Orc:1)
  2 acid dragons
  15 water moccasins
  2 hell hounds
  38 orc warriors
  2 ice beasts
  5 sky beasts
  2 black bears (D:6)
  3 boggarts (Vaults:2)
  5 centaurs
  12 ogres
  A wolf (D:10)
  2 phantoms (D:6)
  3 kobold brigands
  2 earth elementals
  3 necrophages
  6 bullfrogs
  2 deep troll simulacra (D:14)
  A gnoll sergeant (D:7)
  10 scorpions
  21 wights
  18 killer bees
  3 electric eels
  A howler monkey (D:5)
  2 jellies (D:6)
  6 hounds
  31 orc priests
  2 gnoll boudas
  6 iguanas
  32 orc wizards
  4 hell rats (Lair:3)
  Robin (D:3)
  18 gnolls
  13 adders
  3 shadow imps
  2 white imps (D:7)
  An ufetubus (D:5)
  4 worms
  103 orcs
  11 endoplasms
  3 giant cockroaches
  16 goblins
  9 hobgoblins
  A jackal (D:4)
  27 kobolds
  A quokka (D:1)
  4 ball pythons
  4 bats
  3 frilled lizards
  6 rats
  A fungus (Lair:5)
1830 creatures vanquished.

Vanquished Creatures (collateral kills)
  2 deep trolls (Vaults:1)
  An orc knight (Vaults:1)
  An orc warrior (Vaults:4)
4 creatures vanquished.

Vanquished Creatures (others)
  A fire giant (Depths:1)
  A manticore (shapeshifter) (D:14)
  An ugly thing (D:15)
  A polar bear (shapeshifter) (D:14)
  A saltling (Desolation)
  2 centaur simulacra (D:14)
  An air elemental (Elf:2)
  An orc warrior (Vaults:4)
  A killer bee (Spider:4)
  A quokka (D:7)
  17 fungi
  38 plants
66 creatures vanquished.

Grand Total: 1900 creatures vanquished

Notes
Turn   | Place    | Note
-------+----------+-------------------------------------------
     0 | D:1      | Kazon the Minotaur Fighter began the quest for the Orb.
     0 | D:1      | Reached XP level 1. HP: 19/19 MP: 0/0
    32 | D:1      | Identified a scroll of acquirement
    32 | D:1      | Acquired a +0 pair of gloves of hurling
   159 | D:1      | Reached XP level 2. HP: 27/27 MP: 1/1
   688 | D:2      | Reached XP level 3. HP: 32/33 MP: 2/2
  1269 | D:2      | Reached XP level 4. HP: 37/40 MP: 3/3
  1355 | D:3      | Found Umat's Antique Weapon Boutique.
  1383 | D:3      | Bought a crude falchion for 184 gold pieces
  1383 | D:3      | Identified the +3 falchion of Winter {venom, rCorr} (You
                  | bought it in a shop on level 3 of the Dungeon)
  1400 | D:3      | You fall into a shaft and drop 1 floor!
  1429 | D:4      | Noticed a scorpion
  1436 | D:4      | Killed a scorpion
  1437 | D:4      | Reached skill level 1 in Dodging
  1437 | D:4      | Reached XP level 5. HP: 44/47 MP: 4/4
  1524 | D:4      | Found a hazy altar of Hepliaklqana.
  1680 | D:4      | Reached skill level 5 in Long Blades
  1926 | D:3      | Reached XP level 6. HP: 49/53 MP: 5/5
  1938 | D:3      | Reached skill level 1 in Throwing
  1943 | D:3      | Noticed Robin
  1956 | D:3      | Killed Robin
  2145 | D:3      | Reached skill level 5 in Short Blades
  2145 | D:3      | Reached skill level 5 in Dodging
  2145 | D:3      | Reached XP level 7. HP: 66/66 MP: 6/6
  2792 | D:5      | Entered Level 5 of the Dungeon
  2874 | D:5      | Noticed Menkaure
  2875 | D:5      | Reached XP level 8. HP: 73/73 MP: 7/7
  2877 | D:5      | Killed Menkaure
  2970 | D:5      | Noticed Eustachio
  2982 | D:5      | Killed Eustachio
  3741 | D:7      | Found a staircase to the Ecumenical Temple.
  3751 | Temple   | Entered the Ecumenical Temple
  3758 | Temple   | Became a worshipper of Warmaster Okawaru
  3815 | D:7      | Reached skill level 5 in Throwing
  3838 | D:7      | Found a hide-covered altar of Uskayaw.
  3895 | D:6      | Reached skill level 1 in Evocations
  3895 | D:6      | Reached XP level 9. HP: 52/79 MP: 8/8
  4123 | D:6      | Reached * piety under Okawaru
  4138 | D:6      | Reached skill level 1 in Invocations
  4177 | D:6      | Noticed Edmund
  4200 | D:6      | Killed Edmund
  4384 | D:6      | Reached ** piety under Okawaru
  4781 | D:6      | Noticed Maggie
  4797 | D:6      | Killed Maggie
  4798 | D:6      | Reached XP level 10. HP: 64/86 MP: 8/10
  5050 | D:7      | Found a white marble altar of Elyvilon.
  5151 | D:7      | Reached *** piety under Okawaru
  5551 | D:8      | Found Esumer's Weapon Shop.
  5678 | D:8      | Found Heidghoki's Jewellery Shop.
  5712 | D:8      | Found Zoxtaeshakh's Jewellery Boutique.
  5830 | D:8      | Found Quzidd's Magic Scroll Emporium.
  6552 | D:9      | Noticed Prince Ribbit
  6568 | D:9      | Killed Prince Ribbit
  6704 | D:9      | Reached **** piety under Okawaru
  6828 | D:9      | Noticed a two-headed ogre
  6851 | D:9      | Killed a two-headed ogre
  7056 | D:10     | Entered Level 10 of the Dungeon
  7291 | D:10     | Found a staircase to the Lair.
  7302 | D:10     | Reached XP level 11. HP: 87/94 MP: 12/12
  7355 | D:10     | Noticed Erolcha
  7374 | D:10     | Killed Erolcha
  7375 | D:10     | Reached skill level 10 in Long Blades
  7397 | D:10     | Identified the +5 long sword of the Land of Plenty {drain,
                  | Dex+3}
  7402 | D:10     | Found Juagoaq's Book Shoppe.
  7419 | D:10     | Reached ***** piety under Okawaru
  8078 | D:10     | Identified the +0 pair of gloves of Okawaru's Esteem {rPois
                  | rF+++ Int-5 Dex-5} (Okawaru gifted it to you on level 10 of
                  | the Dungeon)
  8078 | D:10     | Received a gift from Okawaru
  8587 | D:11     | Noticed a green ugly thing
  8598 | D:11     | Killed a green ugly thing
  9267 | D:11     | Reached skill level 5 in Evocations
  9385 | D:12     | Reached skill level 5 in Invocations
  9439 | D:12     | Noticed Lodul
  9459 | D:12     | Killed Lodul
  9460 | D:12     | Reached XP level 12. HP: 33/105 MP: 14/14
  9591 | D:8      | Bought the amulet "Odemouw" {Contam rPois rF+++ Regen+
                  | Stlth+} for 734 gold pieces
  9726 | Lair:1   | Entered Level 1 of the Lair of Beasts
  9832 | Lair:1   | Reached skill level 10 in Fighting
  9967 | Lair:1   | Found the +2 Maxwell's thermic engine {flame, freeze}
 10046 | Lair:1   | Reached skill level 5 in Stealth
 10566 | Lair:2   | Noticed a catoblepas
 10567 | Lair:2   | Noticed Fannar
 10570 | Lair:2   | Identified the +11 demon blade "Wonyzxuf" {freeze, Fly
                  | Stlth+} (Okawaru gifted it to you on level 2 of the Lair of
                  | Beasts)
 10570 | Lair:2   | Received a gift from Okawaru
 10597 | Lair:2   | Killed a catoblepas
 10603 | Lair:2   | Killed Fannar
 11295 | Lair:3   | Found a hole to the Spider Nest.
 11427 | Lair:3   | Noticed a death yak
 11431 | Lair:3   | Received a gift from Okawaru
 11434 | Lair:3   | Noticed a death yak
 11435 | Lair:3   | Killed a death yak
 11437 | Lair:3   | Noticed a death yak
 11439 | Lair:3   | Noticed a death yak
 11447 | Lair:3   | Killed a death yak
 11450 | Lair:3   | Killed a death yak
 11450 | Lair:3   | Received a gift from Okawaru
 11451 | Lair:3   | Reached XP level 13. HP: 115/116 MP: 16/16
 11453 | Lair:3   | Reached ****** piety under Okawaru
 11485 | Lair:3   | Found an ancient bone altar of Kikubaaqudgha.
 11538 | Lair:3   | Identified the +0 pair of boots of Vitoly {rElec rCorr
                  | Int+3 Stlth-} (Okawaru gifted it to you on level 3 of the
                  | Lair of Beasts)
 11538 | Lair:3   | Received a gift from Okawaru
 11712 | Lair:3   | Found a staircase to the Shoals.
 12211 | Lair:4   | Found a staircase to the Slime Pits.
 12211 | Lair:4   | Found a viscous altar of Jiyva.
 12388 | Lair:4   | Identified the +3 battleaxe "Adididghufym" {antimagic, rF+
                  | Will+}
 12656 | Lair:5   | Entered Level 5 of the Lair of Beasts
 12811 | Lair:5   | Received a gift from Okawaru
 13641 | Lair:5   | Received a gift from Okawaru
 13722 | Lair:5   | Reached XP level 14. HP: 114/126 MP: 18/18
 14283 | Spider:1 | Entered Level 1 of the Spider Nest
 14391 | Spider:1 | Received a gift from Okawaru
 14499 | Spider:1 | Received a gift from Okawaru
 14685 | Spider:1 | Killed a ghost moth
 14786 | Spider:1 | Acquired a +1 hat of stealth
 15437 | D:12     | Noticed Nessos
 15442 | D:12     | Killed Nessos
 15509 | D:12     | Found a staircase to the Orcish Mines.
 15526 | D:12     | Received a gift from Okawaru
 15731 | D:12     | Noticed Rupert
 15733 | D:12     | Killed Rupert
 15733 | D:12     | Received a gift from Okawaru
 15733 | D:12     | Found the +3 robe of Clouds {*Thunder rCloud rElec}
 15886 | D:13     | Noticed Azrael
 15996 | D:13     | Killed Azrael
 16119 | D:13     | Found Ituota Roil's Distillery.
 16122 | D:13     | Bought a potion of curing for 57 gold pieces
 16122 | D:13     | Gained mutation: You have large cloven feet. [potion of
                  | mutation]
 16122 | D:13     | Gained mutation: You passively dampen the noise of your
                  | surroundings. [potion of mutation]
 16122 | D:13     | Gained mutation: Your spells are a little harder to cast,
                  | but a little more powerful. [potion of mutation]
 16122 | D:13     | Gained mutation: You are strong-willed. (Will+) [potion of
                  | mutation]
 16492 | D:13     | Reached XP level 15. HP: 127/135 MP: 20/20
 16513 | D:13     | Found a gate to the Vaults.
 16865 | D:14     | Found a frozen archway.
 16994 | D:14     | Noticed Snorg
 16996 | D:14     | Killed Snorg
 17050 | D:14     | Identified the +6 scale mail "Voetobuo" {Int-3 Dex+8}
 17138 | D:14     | Received a gift from Okawaru
 17235 | D:14     | Found a runed translucent gate.
 17235 | D:14     | Found a runed translucent gate.
 17236 | D:14     | Found a runed translucent gate.
 17244 | D:14     | Noticed Baec Wov's ghost (journeyman VSFi)
 17296 | D:14     | Reached skill level 15 in Long Blades
 17509 | D:14     | Killed Baec Wov's ghost
 17526 | D:14     | Identified the +1 hat of Untruth {rC++ rCorr Str-2 Stlth+}
 17708 | Shoals:1 | Entered Level 1 of the Shoals
 17826 | Shoals:1 | Received a gift from Okawaru
 17827 | Shoals:1 | Reached skill level 10 in Shields
 17856 | Shoals:1 | Identified the +8 dagger of Watchfulness {pain, Fragile
                  | rCorr Int+3 Dex+7} (Okawaru gifted it to you on level 1 of
                  | the Shoals)
 17856 | Shoals:1 | Received a gift from Okawaru
 18527 | Spider:1 | Noticed an emperor scorpion
 18538 | Spider:1 | Killed an emperor scorpion
 18600 | Spider:1 | Reached skill level 10 in Invocations
 18623 | Spider:1 | Received a gift from Okawaru
 18953 | Spider:2 | Reached skill level 10 in Throwing
 19166 | Spider:2 | Reached XP level 16. HP: 146/146 MP: 22/22
 19190 | Spider:2 | Reached skill level 10 in Evocations
 19780 | Spider:3 | Reached skill level 10 in Armour
 19961 | Spider:3 | Identified the +7 broad axe of Qeogoul {drain, rC+}
                  | (Okawaru gifted it to you on level 3 of the Spider Nest)
 19961 | Spider:3 | Received a gift from Okawaru
 20824 | Spider:4 | Entered Level 4 of the Spider Nest
 20824 | Spider:4 | Noticed Mara
 20843 | Spider:3 | Killed Mara
 20843 | Spider:3 | Identified the +0 ring mail of Righirep {rElec Str-4 Dex+5
                  | Stlth+} (Okawaru gifted it to you on level 3 of the Spider
                  | Nest)
 20843 | Spider:3 | Received a gift from Okawaru
 21053 | D:15     | Entered Level 15 of the Dungeon
 21588 | D:15     | Identified Roxanne's Parchment of Spelunking
 21588 | D:15     | Noticed Roxanne
 21804 | D:15     | Killed Roxanne
 22032 | D:15     | Found a staircase to the Depths.
 22440 | Spider:4 | Received a gift from Okawaru
 22445 | Spider:4 | Reached XP level 17. HP: 154/154 MP: 24/24
 22608 | Spider:4 | Reached skill level 15 in Fighting
 22788 | Spider:4 | Received a gift from Okawaru
 23082 | Spider:4 | Received a gift from Okawaru
 23668 | Spider:4 | Received a gift from Okawaru
 23879 | Spider:4 | Received a gift from Okawaru
 23938 | Spider:4 | Got a gossamer rune of Zot
 24317 | Shoals:1 | HP: 5/156 [water nymph/the raging water (41)]
 24855 | Orc:1    | Entered Level 1 of the Orcish Mines
 24875 | Orc:1    | Noticed Urug
 24885 | Orc:1    | Killed Urug
 25357 | Orc:2    | Entered Level 2 of the Orcish Mines
 25429 | Orc:2    | Noticed Donald
 25455 | Orc:2    | Killed Donald
 25455 | Orc:2    | Received a gift from Okawaru
 25502 | Orc:2    | Found a gate leading to a gauntlet.
 25520 | Gauntlet | Entered a Gauntlet
 25520 | Gauntlet | Found a transporter.
 25529 | Gauntlet | Found a transporter.
 25537 | Gauntlet | Found a transporter.
 25537 | Gauntlet | Found a transporter.
 25552 | Gauntlet | Identified the ring "Rutul" {Wiz rF+ Int+5}
 25561 | Gauntlet | Found a transporter.
 25577 | Gauntlet | Identified the amulet of Otuet {Acrobat Str+6}
 25818 | Orc:2    | Found a runed translucent door.
 25821 | Orc:2    | Noticed alhimik's ghost (journeyman DECj)
 25926 | Orc:2    | Found a staircase to the Elven Halls.
 26143 | Orc:2    | Reached XP level 18. HP: 113/161 MP: 26/26
 26480 | Orc:2    | Found Pisuawn's Antique Armour Emporium.
 26493 | Orc:2    | Found Leshref's General Store.
 26493 | Orc:2    | Found Geemeife's Jewellery Shoppe.
 26495 | Orc:2    | Found Luduu's Antique Weapon Emporium.
 26509 | Orc:2    | Bought a potion of heal wounds for 60 gold pieces
 26509 | Orc:2    | Bought a potion of curing for 36 gold pieces
 26595 | Orc:2    | Killed alhimik's ghost
 26653 | Elf:1    | Entered Level 1 of the Elven Halls
 26716 | Elf:1    | You are sucked into a shaft and drop 1 floor!
 26739 | Elf:2    | Received a gift from Okawaru
 26745 | Elf:2    | Found a huge runed translucent gate.
 26746 | Elf:2    | Found a huge runed translucent gate.
 26747 | Elf:2    | Found a huge runed translucent gate.
 26757 | Elf:2    | Found a huge runed translucent gate.
 26758 | Elf:2    | Found a huge runed translucent gate.
 26850 | Elf:2    | Found a transporter.
 26851 | Elf:2    | Found a transporter.
 26851 | Elf:2    | Noticed 0gre's ghost (adept GnIE)
 26881 | Elf:2    | Identified the +3 ring mail of the Gastropod {*Corrode
                  | rElec rN+ SInv} (Okawaru gifted it to you on level 2 of the
                  | Elven Halls)
 26881 | Elf:2    | Received a gift from Okawaru
 26937 | Elf:1    | Found an ancient bone altar of Kikubaaqudgha.
 27195 | Elf:1    | Noticed Agnes
 27207 | Elf:1    | Killed Agnes
 27748 | Elf:2    | Noticed Nikola
 27831 | Elf:2    | Killed Nikola
 28272 | Elf:2    | Received a gift from Okawaru
 28577 | Elf:2    | Found Wuev's Magic Scroll Emporium.
 28577 | Elf:2    | Found Uddis's Antique Armour Shoppe.
 28593 | Elf:2    | Found Zoshugie's Magic Scroll Shoppe.
 28595 | Elf:2    | Found Hiosedoa's Distillery.
 28653 | Elf:2    | Bought a potion of curing for 36 gold pieces
 28653 | Elf:2    | Bought a potion of curing for 36 gold pieces
 28907 | Elf:3    | Entered Level 3 of the Elven Halls
 29060 | Elf:3    | Found Cel Ymun's Antique Armour Boutique.
 29072 | Elf:3    | Bought the +0 mask of the Dragon {Will+ Slay+3 SInv} for
                  | 1235 gold pieces
 29072 | Elf:3    | Found the +0 mask of the Dragon {Will+ Slay+3 SInv}
 29181 | Elf:3    | Found Ecsiwk's Weapon Shop.
 29322 | Elf:3    | Received a gift from Okawaru
 29364 | Elf:3    | Noticed Louise
 29410 | Elf:3    | Killed Louise
 29411 | Elf:3    | Reached skill level 10 in Dodging
 29486 | Elf:3    | Noticed Asterion
 29500 | Elf:3    | Killed Asterion
 29503 | Elf:3    | Reached XP level 19. HP: 145/172 MP: 25/27
 29846 | Elf:3    | Received a gift from Okawaru
 29888 | Elf:3    | Identified the +3 robe of the Original Sin {Will+}
 29937 | Elf:3    | Identified the +0 pair of gloves of Distant Shores {Harm
                  | rN++}
 30035 | Elf:3    | Received a gift from Okawaru
 30049 | Elf:3    | Identified the +3 quarterstaff of the Vase {venom, rC+}
 30077 | Elf:3    | Identified the +8 flail of Qocw {holy, *Slow rElec Str+6
                  | Int+2}
 30191 | Elf:2    | Killed 0gre's ghost
 30227 | Elf:2    | Identified the +12 plate armour of Soft Rains {rF+ Dex+2}
 30525 | Shoals:2 | Received a gift from Okawaru
 30595 | Shoals:2 | Identified the +4 chain mail of the Enchanted Forest
                  | {*Corrode Dex+6}
 31368 | Shoals:3 | Identified the +3 crystal plate armour of Compassion {rC+}
                  | (Okawaru gifted it to you on level 3 of the Shoals)
 31368 | Shoals:3 | Received a gift from Okawaru
 31973 | Shoals:4 | Entered Level 4 of the Shoals
 32410 | Shoals:4 | Got a barnacled rune of Zot
 32519 | Shoals:4 | Got Gogief's Precepts of Coordinates
 32784 | Shoals:4 | Reached skill level 15 in Throwing
 32857 | Shoals:4 | Found a runed translucent door.
 32864 | Shoals:4 | Found a shimmering altar of Xom.
 32864 | Shoals:4 | Noticed Jingleheimer's ghost (adept KoFi)
 32900 | Shoals:4 | Reached skill level 15 in Evocations
 32902 | Shoals:4 | Identified the ring of Zuegae {rPois rF+ rC- MP+9}
 32957 | Shoals:4 | Reached XP level 20. HP: 180/181 MP: 29/29
 33293 | Depths:1 | Entered Level 1 of the Depths
 33445 | Depths:1 | Received a gift from Okawaru
 33472 | Depths:1 | Found a flickering gateway to a bazaar.
 33492 | Bazaar   | Entered a bazaar
 33529 | Bazaar   | Found Reheffocs's Weapon Shop.
 33529 | Bazaar   | Found Daotseq's Book Boutique.
 33549 | Bazaar   | Bought 3 atropa-tipped darts for 27 gold pieces
 33565 | Bazaar   | Found Fesotas's Book Boutique.
 33565 | Bazaar   | Found Totziet's Assorted Antiques.
 33571 | Bazaar   | Bought a short gold wand for 80 gold pieces
 33571 | Bazaar   | Bought a scroll of fear for 80 gold pieces
 33677 | Depths:1 | Found an iron altar of Okawaru.
 33883 | Depths:1 | Received a gift from Okawaru
 33898 | Depths:1 | You are sucked into a shaft and drop 1 floor!
 33899 | Depths:2 | Found Xywunomm's Antique Weapon Emporium.
 34006 | Depths:1 | Found a one-way gateway to a ziggurat.
 34064 | Depths:1 | Found a gateway to Hell.
 34471 | Vaults:1 | Entered Level 1 of the Vaults
 34676 | Vaults:1 | Got Qickeq's Spellbook of Rank Transformation
 34869 | Vaults:1 | Found Quvviufo's Distillery.
 34875 | Vaults:1 | Bought a potion of curing for 36 gold pieces
 34875 | Vaults:1 | Bought a potion of heal wounds for 60 gold pieces
 34875 | Vaults:1 | Bought a potion of heal wounds for 60 gold pieces
 35403 | Vaults:1 | Identified the +0 cloak "Vomakiorie" {rF+} (Okawaru gifted
                  | it to you on level 1 of the Vaults)
 35403 | Vaults:1 | Received a gift from Okawaru
 35675 | Vaults:2 | Identified the +6 battleaxe of the Neverending Dances
                  | {vorpal, rN++ Str-4}
 35776 | Vaults:2 | Reached skill level 15 in Invocations
 35903 | Vaults:2 | Found Afiul's Antique Armour Boutique.
 35958 | Vaults:2 | Found a large runed translucent door.
 35959 | Vaults:2 | Found a large runed translucent door.
 35959 | Vaults:2 | Noticed Forgeling's ghost (adept FeEn)
 35964 | Vaults:2 | Reached XP level 21. HP: 158/192 MP: 31/31
 36546 | Vaults:2 | Found a transporter.
 36546 | Vaults:2 | Found the +3 pair of seven-league boots {Rampage+∞}
 36557 | Vaults:2 | Found a transporter.
 36945 | Vaults:3 | Found a white marble altar of Elyvilon.
 36945 | Vaults:3 | Found a crumbling gateway.
 36945 | Vaults:3 | Found a glowing silver altar of Zin.
 36989 | Vaults:3 | Identified the +0 pair of gloves "Nuomie" {rF+ MP+9 Str+4
                  | Slay-4} (Okawaru gifted it to you on level 3 of the Vaults)
 36989 | Vaults:3 | Received a gift from Okawaru
 37000 | Vaults:3 | Found Miyguykosh's Book Boutique.
 37092 | Vaults:3 | Found a glowing golden altar of the Shining One.
 37119 | Desolati | Entered the Desolation of Salt
 37214 | Desolati | Got the Papyrus of the Nine Artisans
 37215 | Desolati | Identified the +3 leather armour of Hionoo {Int+3}
 37221 | Desolati | Identified the +8 arbalest "Luefib" {freeze, Will+ Stlth+}
 37262 | Desolati | Found the +7 captain's cutlass {speed, disarm}
 37276 | Desolati | Got the Teachings on Unified Reformation
 37299 | Desolati | Got the Guidebook on Bewitching Conflict
 37319 | Desolati | Identified the +8 shadow dragon scales of the Dungeon {Harm
                  | +Inv rElec Will- Stlth++++}
 37514 | Desolati | Identified the ring "Xacius" {rPois rC+ Will+ Stlth-}
 37517 | Desolati | Identified the +2 leather armour of Vlad {Contam rElec
                  | Int+2 Slay+5}
 37639 | Desolati | Reached skill level 15 in Shields
 38071 | Vaults:3 | Found Ithruantu's Weapon Emporium.
 38124 | Vaults:3 | Found Fuedgh's Weapon Shop.
 38577 | Vaults:3 | Found a staircase to the Crypt.
 38847 | Vaults:3 | Identified the +1 scale mail of Plog {rN+ Str+3 Slay-2}
                  | (Okawaru gifted it to you on level 3 of the Vaults)
 38847 | Vaults:3 | Received a gift from Okawaru
 39111 | Vaults:3 | Identified the +0 helmet of Saadutol {Will+}
 39149 | Vaults:3 | Reached XP level 22. HP: 202/202 MP: 32/32
 39335 | Vaults:3 | Found Feafaf's Weapon Emporium.
 39927 | Vaults:4 | Noticed Saint Roka
 39951 | Vaults:4 | Killed Saint Roka
 39954 | Vaults:4 | Identified the +7 rapier of Dipterij {vorpal, Int+2}
 40015 | Vaults:4 | Noticed Xtahua
 40027 | Vaults:4 | Killed Xtahua
 40028 | Vaults:4 | Reached skill level 10 in Stealth
 40419 | Vaults:4 | Found Arahod's General Store.
 40426 | Vaults:4 | Bought 4 datura-tipped darts for 25 gold pieces
 40429 | Vaults:4 | Noticed Frederick
 40451 | Vaults:4 | Killed Frederick
 40876 | Vaults:5 | Entered Level 5 of the Vaults
 40968 | Vaults:4 | Identified the +0 scale mail "Wagomposy" {rN+ Dex+2}
                  | (Okawaru gifted it to you on level 4 of the Vaults)
 40968 | Vaults:4 | Received a gift from Okawaru
 41197 | Vaults:5 | Identified the +4 long sword "Exibruot" {vorpal, MP+9
                  | Dex+3}
 41276 | Vaults:5 | Paralysed by a sphinx for 2 turns
 41499 | Vaults:5 | Identified the +0 chain mail "Cipil" {rElec MP-9 Dex+4}
 41526 | Vaults:5 | Noticed a dread lich
 41533 | Vaults:5 | Noticed a dread lich
 41562 | Vaults:5 | HP: 9/204 [Ice Fiend[a dread lich] (8)]
 41562 | Vaults:5 | Slain by an Ice Fiend

Illustrated notes

Levels and vault maps discovered:
D:1:      dpeg_arrival_three_smaller_balls, layout_basic
D:2:      layout_loops_ring
D:3:      layout_basic, serial_shops, nicolae_shop_stone, st_stairs_9,
          minmay_misc_feat_doors, eino_curves_03, uniq_robin
D:4:      minmay_wonky_spiral, layout_basic,
          mainiacjoe_overflow_surrounded_room, minivault_5
D:5:      layout_cave_pods, uniq_menkaure, uniq_eustachio
D:6:      cheibrodos_barr_body, layout_basic, minmay_crystal_room,
          minmay_pentangle, uniq_maggie, uniq_edmund
D:7:      layout_cave_pools, nicolae_uskayaw_murder_on_the_dancefloor,
          elyvilon_altar_4, minmay_temple_entry_purple_smoke
D:8:      layout_basic, serial_shops, shop_statue, kennysheep_little_box, shop,
          nicolae_shop_window_shopping
D:9:      layout_cave_pools, uniq_prince_ribbit1
D:10:     layout_stronghold, erik_lair_island, serial_shops,
          nicolae_shop_statue_plus, uniq_erolcha
D:11:     layout_roguey
D:12:     layout_loops_ring, orc_0_dummy, chequers_serial_rivers_marsh,
          uniq_lodul, uniq_nessos, uniq_rupert
D:13:     layout_gridville, david_vaults_5, serial_shops,
          nicolae_shop_behind_doors, minmay_fractal_squares_gapless_5,
          uniq_azrael
D:14:     layout_roguey, minmay_misc_feat_secret_circle, gammafunk_ghost_split,
          portal_ice_cave_entry_ice_simulacra, uniq_snorg
D:15:     hangedman_depths_entry_try_elsewhere_first, layout_loops_corners,
          uniq_roxanne
Temple:   nicolae_temple_bog_church
Lair:1:   layout_long_grid, fungi_pond_lemuel, cheibrodos_lair_reptile_den
Lair:2:   layout_gridlike, uniq_fannar
Lair:3:   layout_roguey, minmay_shoals_entry_hut,
          nicolae_spider_entry_non_spiders, basic_altar, serial_bayou_crossing
Lair:4:   layout_gridlike, slime_entry_1, serial_rivers,
          chequers_serial_rivers_room_a, chequers_serial_rivers_micro_c,
          chequers_serial_rivers_room_a, chequers_serial_rivers_micro_e,
          minivault_27, grunt_megastairs_3, infiniplex_staircase_pool_2
Lair:5:   evilmike_catoblepas_cave, layout_long_grid
Shoals:1: layout_shoals, nicolae_shoals_lost_giant_pillars
Shoals:2: layout_shoals
Shoals:3: layout_shoals
Shoals:4: shoals_end_simple, layout_shoals, ebering_ghost_xom
Spider:1: layout_chambers, nicolae_spider_undead_wolf_pack
Spider:2: layout_cave_pods
Spider:3: layout_spider_delve
Spider:4: floodkiller_spider_rune_tomb, special_room [special_room_bee],
          uniq_mara
Orc:1:    layout_caves, basic_altar, uniq_urug
Orc:2:    st_orc_congregation, layout_caves, gauntlet_entry_generic,
          hellmonk_ghost_happy_afterlife, uniq_donald
Elf:1:    layout_gridlike, minmay_elf_demonology, lemuel_upstairs_altar,
          uniq_agnes
Elf:2:    elven_hall_of_blades_hangedman_alternative
          [nicolae_blade_entry_diamond_columns], layout_geoelf_diagonals,
          gammafunk_ghost_arena, minmay_shoptagon, uniq_nikola
Elf:3:    elf_hall_gauntlet_narrow, layout_gridlike, serial_shops,
          nicolae_shop_overgrown_old_shop, nicolae_shop_advertising_works
          [nicolae_subvault_shop_adworks], uniq_louise, uniq_asterion
Vaults:1: nicolae_vaults_little_squares_1, v_misc_5, hangedman_vaults_stitches,
          hangedman_vaults_cutoff, grunt_vaults_trifunnel, v_misc_19,
          nicolae_vaults_three_branches, vaults_room_pool,
          vaults_room_door_hall, nicolae_vaults_little_ls,
          nicolae_vaults_rhombus_7, layout_vaults_omnicross, serial_shops, shop
Vaults:2: advil_vaults_ghost_guards, gammafunk_sealed_arena,
          hangedman_vaults_snaps, vaults_room_semicircle,
          hangedman_vaults_slither, v_alt_pattern_4, v_alt_pattern_3,
          hangedman_vaults_cutoff, vaults_mumra_lcd, nicolae_vaults_rhombus_6,
          ontoclasm_vaults_spin, grunt_vaults_focal, layout_vaults_ring,
          serial_shops, shop_statue
Vaults:3: portal_desolation_entry_holy_temple, vaults_room_grunt_arrival_ludios,
          minmay_crypt_entry_simple_walls, nicolae_vaults_little_squares_2,
          vaults_room_ringed_pool, hangedman_vaults_pinch, vaults_dpeg_ring,
          nicolae_vaults_circle_grid_b, nicolae_vaults_sealed_display,
          v_pattern_5, layout_vaults_big_room, serial_shops,
          nicolae_square_shop, nicolae_shop_statue_plus, shop, shop_coins
Vaults:4: nicolae_vaults_disjoint_gnomons, kb_rosetta,
          hangedman_vaults_capsules, nicolae_vaults_ring_of_whatevers,
          serial_ice_b, hangedman_vaults_trim, nicolae_vaults_alarming,
          layout_vaults_omnigrid, serial_shops, shop, uniq_frederick,
          uniq_margery, uniq_saint_roka, uniq_xtahua
Vaults:5: uniq_mennas
Depths:1: layout_basic, enter_ziggurat_b, corexii_leaking_fountain,
          serial_shops, freezing_bzr, pf_coc_iceberg,
          serial_sigils_hangedman_etch, grunt_ministairs_7,
          okawaru_altar_gauntlet_db
Depths:2: evilmike_negative_zone, layout_cave_pools, hell_entry, pan_entry,
          serial_shops, shop_fountains, lightli_minifort

Skill      XL: |  1  2  3  4  5  6  7  8  9 10 11 12 13 14 15 16 17 18 19 20 21 22 |
---------------+-------------------------------------------------------------------+-----
Armour         | 4 7 8 9 10 11 12 13 | 13.7
Shields        | 4 6 7 8 9 10 11 12 13 14 15 16 | 16.3
Fighting       | 4 7 8 9 11 12 13 14 15 16 17 18 | 18.7
Long Blades    | 3 4 5 7 8 9 11 12 13 14 15 16 17 18 | 18.9
Dodging        | 1 5 6 7 8 9 10 11 14 | 14.0
Throwing       | 4 5 6 7 8 9 10 11 12 14 15 16 | 16.9
Short Blades   | 5 6 7 8 |  8.7
Stealth        | 3 4 5 6 7 8 9 10 | 10.5
Evocations     | 1 2 3 5 6 7 8 9 10 12 13 15 16 | 16.8
Invocations    | 2 3 5 6 7 9 10 11 12 13 14 15 | 15.8

Action                   |  1- 3 |  4- 6 |  7- 9 | 10-12 | 13-15 | 16-18 | 19-21 | 22-24 || total
-------------------------+-------+-------+-------+-------+-------+-------+-------+-------++-------
Melee: Long sword        |    79 |       |       |   206 |       |       |       |       ||   285
       Headbutt          |    11 |    12 |    47 |   116 |   210 |   257 |   374 |    99 ||  1126
       Dagger            |    11 |    86 |    71 |    38 |    39 |    45 |       |       ||   290
       Falchion          |       |       |   228 |   297 |       |       |       |       ||   525
       Demon blade       |       |       |       |    68 |   742 |   903 |   985 |   130 ||  2828
       Double sword      |       |       |       |    18 |    57 |    15 |    47 |    55 ||   192
       Quick blade       |       |       |       |       |       |   129 |    63 |       ||   192
       Cutlass           |       |       |       |       |       |       |   122 |   140 ||   262
Throw: Stone             |     7 |    25 |    26 |    84 |       |       |       |       ||   142
       Boomerang         |       |     1 |    34 |    66 |    93 |   535 |   273 |    53 ||  1055
       Dart              |       |       |       |    20 |   118 |   246 |    40 |     5 ||   429
       Javelin           |       |       |       |       |     5 |    45 |   154 |    19 ||   223
Invok: Heroism           |       |       |     1 |     8 |     8 |    11 |     9 |     4 ||    41
       Finesse           |       |       |       |       |     2 |     2 |     3 |     1 ||     8
Evoke: Wand              |       |       |       |    17 |    19 |    32 |    48 |     5 ||   121
       Condenser vane    |       |       |       |     1 |       |     1 |       |       ||     2
       Phial of floods   |       |       |       |       |     1 |     2 |       |       ||     3
       Lightning rod     |       |       |       |       |     5 |    15 |     2 |       ||    22
       Tin of tremorston |       |       |       |       |       |       |     8 |       ||     8
  Use: Scroll            |     1 |       |    10 |     4 |    13 |     8 |     5 |     2 ||    43
       Potion            |       |     1 |     1 |       |     2 |     1 |     2 |     1 ||     8
 Stab: Sleeping          |       |       |     2 |    13 |    32 |    33 |    29 |    25 ||   134
       Petrified         |       |       |       |     3 |       |       |       |       ||     3
       Paralysed         |       |       |       |       |     6 |    13 |     7 |     1 ||    27
       Distracted        |       |       |       |       |     2 |     3 |       |       ||     5
       Invisible         |       |       |       |       |       |     1 |     1 |       ||     2
Armor: Scale mail        |    39 |    25 |    18 |       |    96 |   202 |       |       ||   380
       Leather armour    |       |       |    70 |   104 |    61 |       |       |       ||   235
       Ring mail         |       |       |       |       |       |    42 |    10 |       ||    52
       Crystal plate arm |       |       |       |       |       |       |   454 |       ||   454
       Plate armour      |       |       |       |       |       |       |    32 |       ||    32
       Skin              |       |       |       |       |       |       |    18 |       ||    18
       Shadow dragon sca |       |       |       |       |       |       |    62 |   120 ||   182
Dodge: Dodged            |    50 |    40 |   131 |   288 |   310 |   425 |   323 |   114 ||  1681
Block: Buckler           |    19 |    12 |    68 |   111 |   283 |   275 |       |       ||   768
       Kite shield       |       |       |       |       |       |   121 |   698 |   192 ||  1011
       Reflection        |       |       |       |       |       |    25 |    48 |     4 ||    77
